 Dungeon Crawl Stone Soup version 0.30.0-19-g36f170ea60 (webtiles) character file.

Game seed: 5013089073363300631

4069 olmar the Grappler (level 10, -8/81 HPs)
             Began as a Ghoul Monk on May 27, 2023.
             Was an Initiate of Gozag.
             Killed from afar by an efreet (27 damage)
             ... with a fireball
             ... on level 7 of the Dungeon.
             The game lasted 00:13:03 (7554 turns).

olmar the Grappler (Ghoul Monk)                     Turns: 7554, Time: 00:13:04

Health: -8/81      AC: 19    Str: 22    XL:     10   Next: 25%
Magic:  9/9        EV: 10    Int:  5    God:    Gozag
Gold:   974        SH:  5    Dex: 13    Spells: 9/9 levels left

rFire   . .          .
                       - Unarmed
rCold   + . .        (no shield)
rNeg    + + +        g - +9 chain mail of Compression {Str+2 Slay-4 Stlth+}
rPois   ∞            (no helmet)
rElec   .            (no cloak)
rCorr   .            (no gloves)
SInv    .            (no boots)
Will    .....        B - amulet of Beotuq {Reflect rPois Dex+2 SH+5} Stlth
                     (no ring)
HPRegen 0.00/turn    (no ring)
MPRegen 0.11/turn

%: reflection
@: gold aura, inhibited regen, invisible
A: claws 1, cold resistance 1, negative energy resistance 3, inhibited
regeneration, torment resistance 2, devour on kill
a: Renounce Religion, Potion Petition, Call Merchant, Bribe Branch


You were on level 7 of the Dungeon.
You worshipped Gozag.
Gozag was pleased with you.
You visited 1 branch of the dungeon, and saw 7 of its levels.
You also visited: Sewer and Ossuary.

You collected 974 gold pieces.

Inventory:

Hand Weapons
 i - a +3 shortbow of electrocution
Missiles
 b - a throwing net (quivered)
 u - 3 poisoned darts
 y - 5 curare-tipped darts
 E - 2 javelins
Armour
 a - a +0 robe
 c - an orb of light
 g - the +9 chain mail of Compression (worn) {Str+2 Slay-4 Stlth+}
   (You acquired it on level 4 of the Dungeon)

   Str:       It affects your strength (+2).
   Slay:      It affects your accuracy & damage with ranged weapons and melee
   (-4).
   Stlth:     It makes you more stealthy.
 o - a +0 plate armour
Jewellery
 j - an amulet of the acrobat
 q - a ring of ice
 B - the amulet of Beotuq (around neck) {Reflect rPois Dex+2 SH+5}
   (You found it on level 5 of the Dungeon)

   [amulet of reflection]

   It reflects blocked missile attacks.
   Dex:       It affects your dexterity (+2).
   rPois:     It protects you from poison.
   SH:        It affects your SH (+5).
Wands
 D - a wand of roots (19)
Scrolls
 e - 2 scrolls of amnesia
 f - 5 scrolls of teleportation
 l - 2 scrolls of vulnerability
 m - a scroll of brand weapon
 s - a scroll of noise
 C - a scroll of identify
Potions
 d - 3 potions of mutation
 h - 4 potions of haste
 p - 4 potions of attraction
 r - a potion of might {unknown}
 t - a potion of brilliance {unknown}
 v - 2 potions of degeneration {unknown}
 x - a potion of magic {unknown}
 z - a potion of cancellation {unknown}
 A - a potion of flight {unknown}
Miscellaneous
 k - a lightning rod (4/4)
 F - a piece from Xom's chessboard (15/15)


   Skills:
 + Level 5.2 Fighting
 + Level 5.7 Armour
 + Level 4.9 Dodging
 + Level 2.0 Shields
 + Level 12.8 Unarmed Combat


You had 9 spell levels left.
You didn't know any spells.
Your spell library contained the following spells:

 Spells                   Type           Power      Damage    Failure   Level
 Manifold Assault         Tloc           0%         N/A       100%        4
 Dispersal                Tloc           0%         N/A       100%        6
 Disjunction              Tloc           0%         N/A       100%        8


Dungeon Overview and Level Annotations

Branches:
Dungeon (7/15)             Temple (0/1) D:7           Sewer (visited)
Ossuary (visited)

Altars:
Cheibriados
Dithmenos
Gozag
Kikubaaqudgha
Qazlal
Xom

Annotations:
D:6 1 runed translucent door, Crazy Yiuf
D:7 1 runed translucent door


Innate Abilities, Weirdness & Mutations

You are immune to poison.
You have sharp fingernails.
Your flesh is cold resistant. (rC+)
You are immune to negative energy. (rN+++)
You do not regenerate when monsters are visible.
You are immune to unholy pain and torment.
You thrive by killing the living.


Message History

E - 2 javelins (gained 1)
You see here a +2 heavy great sword.
You start resting.
A scorpion comes into view.
The scorpion stings you but does no damage.
You barely miss the scorpion. The scorpion barely misses you.
Unknown command.
You scratch the scorpion but do no damage.
The scorpion stings you.
You barely miss the scorpion.
The scorpion stings you but does no damage.
Unknown command.
You scratch the scorpion.
The scorpion is lightly wounded.
The scorpion barely misses you.
Unknown command.
You scratch the scorpion but do no damage.
The scorpion is lightly wounded.
The scorpion stings you.
* * * LOW HITPOINT WARNING * * *
Unknown command.
You scratch the scorpion.
The scorpion is lightly wounded.
You feel better.
The scorpion stings you but does no damage.
The efreet hits you but does no damage.
The scorpion stings you but does no damage.
You fade into invisibility!
The efreet gestures at you.
The bolt of fire misses the scorpion.
The bolt of fire hits you!!
* * * LOW HITPOINT WARNING * * *
The scorpion barely misses you.
Unknown command.
You feel better. The efreet gestures at you.
The fireball explodes!
The fireball engulfs the scorpion!!
The scorpion dies!
The fireball engulfs you!!
You die...
Your body crumbles into a pile of gold.

......# #..# .........
......###.## ........#
...#####..#
.######.#..
.#####...## ...#
##.#.. ...#...####
###...#.....
.#...###..# ..#
#....##. ...####..#
### .## .###...##
.###..#..## ##.##
#.?###..###...
###..#..#.#
#..@##○....###..###.
..#..#..#.###.)#)$R##
..+.....#
##..#..#....##:}(##.#
###..###.
.####..#...#.##.##)##$
#..###...
...####....##.###.##
.###...#.
.#...###..####...##
###...###. ..###..####
###...# ###...##.>..
#........##
.....##........#..
########..#
#######..#..####...


You could see an efreet (unable to see you, reflecting).

Vanquished Creatures
  A manticore (D:7)
  A gargoyle (D:7)
  Sigmund (D:6)
  2 water moccasins
  A black bear (D:6)
  An ogre (D:4)
  An orc warrior (D:6)
  2 ice beasts
  4 centaurs
  5 elf zombies (Ossuary)
  A bullfrog (D:6)
  A gnoll sergeant (D:7)
  6 scorpions
  3 wights (D:6)
  A howler monkey (D:7)
  5 centaur zombies (Ossuary)
  2 hounds
  2 human zombies (Ossuary)
  2 orc priests
  7 jellies
  6 iguanas
  4 sleepcaps
  6 orc wizards
  3 mummies (Ossuary)
  10 gnolls
  10 adders
  A shadow imp (D:7)
  2 white imps
  5 dart slugs
  27 orcs
  6 ball pythons
  9 bats
  9 endoplasms
  2 giant cockroaches
  6 goblins
  8 hobgoblins
  8 jackals
  5 quokkas
  3 frilled lizards
  7 kobolds
  7 rats
193 creatures vanquished.

Vanquished Creatures (others)
  A scorpion (D:7)
1 creature vanquished.

Grand Total: 194 creatures vanquished

Notes
Turn   | Place    | Note
-------+----------+-------------------------------------------
     0 | D:1      | olmar the Ghoul Monk began the quest for the Orb.
     0 | D:1      | Reached XP level 1. HP: 19/19 MP: 0/0
    45 | D:1      | Reached XP level 2. HP: 18/26 MP: 1/1
   670 | D:1      | Reached XP level 3. HP: 31/31 MP: 2/2
   809 | D:1      | Found a faded altar of an unknown god.
  1017 | D:1      | Reached skill level 4 in Unarmed Combat
  1261 | D:2      | Reached XP level 4. HP: 35/40 MP: 3/3
  1488 | D:2      | Identified the +0 robe of Claustrophobia {rElec Will+
                  | Str+2}
  1724 | D:2      | Reached XP level 5. HP: 18/46 MP: 4/4
  1733 | D:2      | Reached skill level 5 in Unarmed Combat
  2108 | D:3      | Found a snail-covered altar of Cheibriados.
  2271 | D:3      | Found a stormy altar of Qazlal.
  3086 | D:4      | Identified a scroll of acquirement
  3086 | D:4      | Acquired the +9 chain mail of Compression {Str+2 Slay-4
                  | Stlth+}
  3092 | D:4      | Reached XP level 6. HP: 52/52 MP: 5/5
  3161 | D:4      | Reached skill level 6 in Unarmed Combat
  3168 | D:4      | Reached skill level 1 in Armour
  3312 | D:4      | Reached XP level 7. HP: 37/59 MP: 6/6
  3395 | D:4      | Reached skill level 7 in Unarmed Combat
  3634 | D:4      | Found a glowing drain.
  3643 | Sewer    | Entered a sewer
  4006 | D:4      | Identified the +6 trident of Infinity {protect, rElec}
  4038 | D:4      | Identified the +5 short sword "Pemuleg" {flame, Int+3}
  4081 | D:4      | Found an opulent altar of Gozag.
  4135 | D:4      | Reached skill level 8 in Unarmed Combat
  4153 | D:4      | Became a worshipper of Gozag Ym Sagoz the Greedy
  4387 | D:4      | Reached XP level 8. HP: 62/67 MP: 7/7
  4533 | D:5      | Entered Level 5 of the Dungeon
  4811 | D:5      | Found a sand-covered staircase.
  4826 | Ossuary  | Entered an ossuary
  4895 | Ossuary  | Reached skill level 9 in Unarmed Combat
  5147 | Ossuary  | Reached skill level 5 in Fighting
  5281 | Ossuary  | Reached skill level 10 in Unarmed Combat
  5281 | Ossuary  | Reached XP level 9. HP: 63/74 MP: 8/8
  5652 | D:5      | Identified the amulet of Beotuq {Reflect rPois Dex+2 SH+5}
  6036 | D:6      | Noticed Sigmund
  6071 | D:6      | Killed Sigmund
  6072 | D:6      | Reached skill level 11 in Unarmed Combat
  6174 | D:6      | Found an ancient bone altar of Kikubaaqudgha.
  6300 | D:6      | Found a shadowy altar of Dithmenos.
  6401 | D:6      | Found a runed translucent door.
  6402 | D:6      | Noticed Crazy Yiuf
  6493 | D:6      | Reached skill level 5 in Armour
  6699 | D:6      | Found a shimmering altar of Xom.
  7065 | D:7      | Found a runed translucent door.
  7079 | D:7      | Reached skill level 1 in Shields
  7097 | D:7      | Reached skill level 12 in Unarmed Combat
  7104 | D:7      | Found a staircase to the Ecumenical Temple.
  7247 | D:7      | Reached XP level 10. HP: 81/81 MP: 9/9
  7495 | D:7      | Noticed a gargoyle
  7509 | D:7      | Killed a gargoyle
  7512 | D:7      | Noticed a manticore
  7530 | D:7      | Killed a manticore
  7554 | D:7      | Killed from afar by an efreet

Illustrated notes

Levels and vault maps discovered:
D:1:      giann_bridges, layout_loops_corners, hellmonk_ecumenical_altar_blasted
D:2:      layout_basic, kennysheep_nondescript, minmay_joined_circles
D:3:      layout_basic, good_gods_mini_temple, kennysheep_slug_shrine,
          mainiacjoe_overflow_catwalk, item_on_display_a
D:4:      layout_basic, grunt_gozag_statues, serial_glass, glass_columns_a,
          glass_columns_a, portal_sewer_entry_d
D:5:      layout_loops_ring, enter_ossuary_1, kennysheep_opposing_triangles
D:6:      layout_basic, nicolae_dithmenos_the_darkroom,
          nicolae_overflow_hidden_temple, uniq_sigmund, uniq_crazy_yiuf_cottage
D:7:      minmay_the_grid_four_pointed_star
          [minmay_the_grid_triangle_9x9_subtriangle,
          minmay_the_grid_triangle_9x9_intruding_spiral,
          minmay_the_grid_triangle_9x9_odd_lines,
          minmay_the_grid_triangle_9x9_tough_junction,
          minmay_the_grid_prize_diamond_cup], layout_basic,
          minmay_temple_entry_junction_2, chequers_garden

Skill      XL: |  1  2  3  4  5  6  7  8  9 10 |
---------------+-------------------------------+-----
Dodging        | 3 4 |  4.9
Unarmed Combat | 4 5 6 8 10 12 | 12.8
Fighting       | 4 5 |  5.2
Armour         | 1 2 4 5 |  5.7
Shields        | 1 2 |  2.0

Action                     |  1- 3 |  4- 6 |  7- 9 | 10-12 || total
---------------------------+-------+-------+-------+-------++-------
  Melee: Unarmed           |    89 |   164 |   507 |    54 ||   814
         Punch             |       |     3 |    27 |     3 ||    33
  Throw: Javelin           |       |     7 |     8 |     2 ||    17
         Dart              |       |       |     3 |       ||     3
         Throwing net      |       |       |     1 |     2 ||     3
    Use: Scroll            |     1 |     8 |     4 |       ||    13
         Potion            |       |     4 |     5 |     6 ||    15
   Stab: Invisible         |       |     2 |    10 |     3 ||    15
         Distracted        |       |       |     2 |       ||     2
 Armour: Robe              |    11 |     5 |       |       ||    16
         Plate armour      |       |     9 |       |       ||     9
         Chain mail        |       |    37 |   214 |    23 ||   274
  Dodge: Dodged            |    54 |    99 |   208 |    28 ||   389
  Block: Other             |       |       |    17 |    10 ||    27
         Reflection        |       |       |     1 |     2 ||     3
